 Dungeon Crawl Stone Soup version 0.25-a0-663-gace7076f2c (webtiles) character file.

Game seed: 16676644884988027862, levelgen mode: deterministic

132 n0claF the Chopper (level 5, 0/47 HPs)
             Began as a Hill Orc Monk on Mar 24, 2020.
             Slain by Crazy Yiuf
             ... wielding a +4 quarterstaff of chaos
              (1 damage)
             ... on level 2 of the Dungeon.
             The game lasted 00:06:43 (2365 turns).

n0claF the Chopper (Hill Orc Monk)                  Turns: 2365, Time: 00:06:43

Health: 0/47       AC:  5    Str: 12 (15) XL:     5   Next: 15%
Magic:  5/5        EV: 10    Int:  4 (6)  God:
Gold:   157        SH:  3    Dex: 11 (13) Spells: 4/4 levels left

rFire    . . .     SeeInvis .   a - +0 hand axe
rCold    . . .     Gourm    .   t - +0 buckler
rNeg     . . .     Faith    .   q - -1 ring mail (curse)
rPois    .         Spirit   .   v - +0 helmet
rElec    .         Reflect  .   (no cloak)
rCorr    .         Harm     .   (no gloves)
MR       .....                  (no boots)
Stlth    +.........             (no amulet)
HPRegen  0.15/turn              u - -4 ring of intelligence (curse)
MPRegen  0.09/turn              (no ring)

@: lethally poisoned (0 -> -4), lightly drained
A: no striking features
a: no special abilities


You were on level 2 of the Dungeon.
You were not hungry.

You visited 1 branch of the dungeon, and saw 2 of its levels.

You collected 157 gold pieces.

Inventory:

Hand Weapons
 a - a +0 hand axe (weapon)
Armour
 b - a +0 robe
 q - a cursed -1 ring mail (worn)
   (You found it on level 2 of the Dungeon)
 s - a +0 chain mail
   (You found it on level 2 of the Dungeon)
 t - a +0 buckler (worn)
   (You found it on level 2 of the Dungeon)
 v - a +0 helmet (worn)
   (You found it on level 2 of the Dungeon)
Jewellery
 u - a cursed -4 ring of intelligence (left hand)
   (You found it on level 2 of the Dungeon)
Scrolls
 f - 4 scrolls of identify {unknown}
 g - 3 scrolls of amnesia {unknown}
 i - 2 scrolls of immolation {unknown}
 k - a scroll of remove curse {unknown}
 l - a scroll of teleportation {unknown}
 n - 2 scrolls of enchant weapon {unknown}
 o - a scroll of enchant armour {unknown}
Potions
 c - a potion of mutation {unknown}
 d - a potion of haste {unknown}
 h - a potion of degeneration {!q!d}
 j - a potion of stabbing {unknown}
 m - a potion of lignification {unknown}
 p - a potion of flight {unknown}
 r - a potion of brilliance {unknown}
Comestibles
 e - 6 rations {!d}


   Skills:
 + Level 4.6(4.0) Fighting
 * Level 6.0(5.4) Axes
 + Level 2.3(1.7) Armour
 - Level 2.4(1.8) Dodging
 - Level 1.5(1.0) Stealth


You had 4 spell levels left.
You didn't know any spells.
Your spell library was empty.

Dungeon Overview and Level Annotations

Branches:
Dungeon (2/15)

Altars:
Ashenzari

Annotations:
D:2 2 transporters, Crazy Yiuf


Message History

You block Crazy Yiuf's attack.
You hit Crazy Yiuf.
You feel sick.
Crazy Yiuf sings, "Trees, trees, trees, circus!"
You block Crazy Yiuf's attack.
You hit Crazy Yiuf. You block Crazy Yiuf's attack.
You hit Crazy Yiuf but do no damage.
You feel sick.
Crazy Yiuf hits you with a +4 quarterstaff of chaos!
* * * LOW HITPOINT WARNING * * *
You are confused.
It was a potion of degeneration.
There was something very wrong with that liquid.
You feel weakened.
You feel dopey.
You feel clumsy.
You feel less confused. Crazy Yiuf closely misses you.
You hit Crazy Yiuf.
Crazy Yiuf grits, "Blight!
East sing-song alas."
Crazy Yiuf hits you with a +4 quarterstaff of chaos.
* * * LOW HITPOINT WARNING * * *
Crazy Yiuf draws strength from your wounds!
You hit Crazy Yiuf.
You feel sick.
Crazy Yiuf says, "Ten infinity koolooloo!"
Crazy Yiuf barely misses you.
Unknown command.
You hit Crazy Yiuf but do no damage.
Crazy Yiuf hits you with a +4 quarterstaff of chaos.
* * * LOW HITPOINT WARNING * * *
You are lethally poisoned!
You hit Crazy Yiuf but do no damage. You block Crazy Yiuf's attack.
Unknown command.
You barely miss Crazy Yiuf.
* * * LOW HITPOINT WARNING * * *
You feel sick. Crazy Yiuf hits you but does no damage.
You closely miss Crazy Yiuf.
* * * LOW HITPOINT WARNING * * *
You feel sick.
Unknown command.
You hit Crazy Yiuf. Crazy Yiuf closely misses you.
Unknown command.
Unknown command.
You hit Crazy Yiuf.
* * * LOW HITPOINT WARNING * * *
You feel sick.
Crazy Yiuf laughs, "Prologue!
Pitchfork arm arm."
Crazy Yiuf barely misses you.
Your shield and ring mail prevent you from hitting Crazy Yiuf.
Crazy Yiuf says, "Cod!
Shower forty-two alas."
Crazy Yiuf hits you with a +4 quarterstaff of chaos.
* * * LOW HITPOINT WARNING * * *
You feel drained.
You die...

#.....#....#####.##
#########..## #.#
##...# #.# #####
#....# #.## #)..#
###..####... #...#
#..........# ...
#........... #g#
###..#####.# ♣@♣♣
###........# ♣♣.♣
#..#.####### ♣.♣♣
#.#.## ♣♣.♣ #.###
### ♣♣.♣♣ #.# #..
♣♣...♣ #.# #.#
♣....♣ #.# #.#
#....# #.# #.#
#....# #.# #.#


You could see Crazy Yiuf.

Vanquished Creatures
  Natasha (thrice) (D:2)
  An adder (D:2)
  2 oozes
  A worm (D:2)
  3 goblins
  A hobgoblin (D:1)
  6 jackals (D:1)
  4 ball pythons
  5 bats
  3 frilled lizards
  10 kobolds
  6 rats
45 creatures vanquished.

Notes
Turn   | Place    | Note
-------+----------+-------------------------------------------
     0 | D:1      | n0claF the Hill Orc Monk began the quest for the Orb.
     0 | D:1      | Reached XP level 1. HP: 19/19 MP: 1/1
   181 | D:1      | Reached XP level 2. HP: 11/27 MP: 2/2
   777 | D:1      | Reached skill level 1 in Armour
  1075 | D:1      | Reached XP level 3. HP: 27/33 MP: 3/3
  1117 | D:2      | Reached skill level 5 in Axes
  1556 | D:2      | Found a shattered altar of Ashenzari.
  1648 | D:2      | Found a transporter.
  1659 | D:2      | Found a transporter.
  1708 | D:2      | Noticed Natasha
  1721 | D:2      | Killed Natasha
  1721 | D:2      | Reached XP level 4. HP: 24/41 MP: 4/4
  2004 | D:2      | Noticed Natasha
  2016 | D:2      | Killed Natasha
  2094 | D:2      | Found a runed translucent door.
  2095 | D:2      | Noticed Crazy Yiuf
  2225 | D:2      | Noticed Natasha
  2273 | D:2      | Killed Natasha
  2273 | D:2      | Reached skill level 6 in Axes
  2273 | D:2      | Reached XP level 5. HP: 37/47 MP: 5/5
  2365 | D:2      | HP: 1/47 [Crazy Yiuf/+4 quarterstaff of chaos (3)]
  2365 | D:2      | Slain by Crazy Yiuf

Levels and vault maps discovered:
D:1:      matt_arrival_diagonals, layout_rooms, kennysheep_boxes
D:2:      layout_loops_ring, gammafunk_temple_overflow_arena, first_ration,
          uniq_crazy_yiuf_cottage, uniq_natasha

Skill      XL: |  1  2  3  4 |
---------------+-------------+-----
Armour         | 1 2 |  2.3
Fighting       | 4 |  4.6
Axes           | 5 6 |  6.0
Dodging        | |  2.4
Stealth        | |  1.5

Action                   |  1- 3 |  4- 6 || total
-------------------------+-------+-------++-------
Melee: Hand axe          |   142 |    53 ||   195
  Use: Potion            |     2 |     1 ||     3
 Stab: Distracted        |     1 |       ||     1
  Eat: Chunk             |     3 |     2 ||     5
Armor: Robe              |    35 |       ||    35
       Ring mail         |       |     2 ||     2
Dodge: Dodged            |   125 |    24 ||   149
Block: Buckler           |       |     7 ||     7

Table legend:
 A = Non-vault XP
 B = Vault XP
 C = Vault XP percentage of total XP
 D = Non-vault monster count
 E = Vault monster count
 F = Vault count percentage of total count
                 A         B        C        D         E       F
            +---------+---------+-------+---------+---------+-------
      Total |     156 |      33 |  17.5 |      44 |       1 |   2.2
            +---------+---------+-------+---------+---------+-------
        D:1 |      35 |       0 |   0.0 |      20 |       0 |   0.0
        D:2 |     121 |      33 |  21.4 |      24 |       1 |   4.0
            +---------+---------+-------+---------+---------+-------
